 Dungeon Crawl Stone Soup version 0.16.2-12-gd0ad4c3 (webtiles) character file.

39 Seneschal the Insei (level 3, -1/18 HPs)
             Began as a Vine Stalker Transmuter on Sept 21, 2015.
             Was an Initiate of Vehumet.
             Succumbed to an adder's poison
             ... on level 2 of the Dungeon.
             The game lasted 00:08:43 (1155 turns).

Seneschal the Insei (Vine Stalker Transmuter)       Turns: 1155, Time: 00:08:44

Health: -1/18      AC:  8    Str: 12    XL:     3   Next: 47%
Magic:  0/7        EV:  5    Int: 13    God:    Vehumet [......]
Gold:   80         SH:  0    Dex: 15    Spells: 1 memorised, 6 levels left

rFire  . . .     SeeInvis .       - Unarmed
rCold  . . .     Clarity  .     m - +0 chain mail
rNeg   . . .     SustAb   .     (no shield)
rPois  .         Gourm    .     (no helmet)
rElec  .         Spirit   +     (no cloak)
rCorr  .         Warding  .     (no gloves)
rMut   .         Stasis   .     (no boots)
MR     .....                    (no amulet)
Stlth  ..........               (no ring)
                                (no ring)

@: lethally poisoned (-1 -> -17), not resistant to hostile enchantments,
extremely unstealthy
A: fangs 2, regeneration 1, magic shield, antimagic bite, no device heal 3, rot
immunity
a: Renounce Religion


You were on level 2 of the Dungeon.
You worshipped Vehumet.
Vehumet was noncommittal.
You were very full.

You visited 1 branch of the dungeon, and saw 2 of its levels.

You collected 80 gold pieces.

Inventory:

Missiles
 b - 12 arrows
Armour
 c - a +1 robe
 m - a +0 chain mail (worn)
Scrolls
 e - a scroll of remove curse
 f - a scroll of teleportation {unknown}
 h - a scroll of immolation
 k - a scroll of amnesia
 n - 3 scrolls of identify {unknown}
Potions
 g - a potion of lignification {unknown}
 j - a potion of curing {unknown}
 l - a potion of cancellation {unknown}
 o - a potion of brilliance {unknown}
Books
 d - a book of Changes

   Spells                             Type                      Level
   a - Beastly Appendage              Transmutation                1
   b - Sticks to Snakes               Transmutation                2
   c - Spider Form                    Transmutation/Poison         3
   d - Ice Form                       Ice/Transmutation            4
   e - Blade Hands                    Transmutation                5
Comestibles
 a - a bread ration
 i - a meat ration


   Skills:
 + Level 1.1 Fighting
 + Level 0.1 Armour
 + Level 2.0 Dodging
 + Level 3.5 Unarmed Combat
 + Level 2.5 Spellcasting
 + Level 2.2 Transmutations


You had 6 spell levels left.
You knew the following spells:

 Your Spells              Type           Power        Failure   Level  Hunger
a - Beastly Appendage     Trmt           #.....       100%        1    #......


Dungeon Overview and Level Annotations

Branches:
Dungeon (2/15)

Altars:
Ru
Vehumet


Innate Abilities, Weirdness & Mutations

You have extremely sharp teeth.
Your natural rate of healing is unusually fast.
When hurt, damage is shared between your health and your magic reserves.
Your bite disrupts and absorbs the magic of your enemies.
Potions and wands cannot restore your health.
You are immune to rotting.


Message History

You feel sick. The adder bites you but does no damage. The adder bites you.
Your chain mail prevents you from hitting the adder.
The adder is severely wounded.
You feel sick. The adder bites you but does no damage.
You closely miss the adder.
The adder is severely wounded.
You feel sick. The adder bites you.
* * * LOW HITPOINT WARNING * * *
You are more poisoned.
The adder poisons you! The adder bites you but does no damage.
You closely miss the adder.
The adder is severely wounded.
* * * LOW HITPOINT WARNING * * *
You feel sick. The adder bites you.
* * * LOW HITPOINT WARNING * * *
You are more poisoned.
The adder poisons you! The adder bites you.
You closely miss the adder. You bite the adder, but do no damage.
The adder is severely wounded.
You die...

#.......#
#.
##....####
##
#......# #
#.....##
##...##
#..## #..#
#..# ##@#
#S'.......
#.'....?.
###≈≈≈≈≈≈
≈≈≈≈≈≈
≈≈≈≈≈ ≈≈≈
#≈


You could see an adder.

Vanquished Creatures
  An adder (D:2)
  3 giant geckos (D:1)
  An ooze (D:2)
  A giant cockroach (D:2)
  3 goblins
  2 hobgoblins (D:2)
  3 jackals (D:1)
  3 bats (D:1)
  A giant newt (D:1)
  8 kobolds
  2 rats (D:1)
28 creatures vanquished.

Notes
Turn   | Place    | Note
--------------------------------------------------------------
     0 | D:1      | Seneschal, the Vine Stalker Transmuter, began the quest for the Orb.
     0 | D:1      | Reached XP level 1. HP: 9/9 MP: 3/3
   116 | D:1      | Reached XP level 2. HP: 12/14 MP: 4/6
   397 | D:1      | Reached skill level 1 in Fighting
   777 | D:2      | Reached XP level 3. HP: 14/18 MP: 2/7
  1020 | D:2      | Found a radiant altar of Vehumet.
  1020 | D:2      | Found a sacrificial altar of Ru.
  1030 | D:2      | Became a worshipper of Vehumet
  1155 | D:2      | Succumbed to an adder's poison

Action                   || total
-------------------------++-------
Melee: Unarmed           ||   142
 Cast: Beastly Appendage ||     6
  Use: Scroll            ||     6
  Eat: Bread ration      ||     2
